 Dungeon Crawl Stone Soup version 0.22.0-38-g04b72b8 (webtiles) character file.

499 MothsLongingForFire the Skirmisher (level 7, -4/76 HPs)
             Began as an Ogre Monk on Aug 28, 2018.
             Slain by a wight
             ... wielding a cursed +3 hand axe
              (6 damage)
             ... on level 4 of the Dungeon.
             The game lasted 00:08:20 (4238 turns).

MothsLongingForFire the Skirmisher (Ogre Monk)      Turns: 4238, Time: 00:08:20

Health: -4/76      AC:  4    Str: 16      XL:     7   Next: 16%
Magic:  7/7        EV:  9    Int:  9 (11) God:
Gold:   187        SH:  0    Dex: 11      Spells: 6/6 levels left

rFire    + . .     SeeInvis .     - Unarmed
rCold    . . .     Gourm    +   (no shield)
rNeg     . . .     Faith    .   a - +1 robe
rPois    .         Spirit   .   (helmet restricted)
rElec    .         Reflect  .   (no cloak)
rCorr    .         Harm     .   (gloves unavailable)
MR       .....     Clarity  +   (boots unavailable)
Stlth    +.........             f - amulet of the gourmand
HPRegen  0.22/turn              (no ring)
MPRegen  0.10/turn              (no ring)

@: very heavily drained
A: large, unfitting armour, clarity, clumsy 1, fire resistance 1, tough skin 1
a: no special abilities


You were on level 4 of the Dungeon.
You were very full.

You visited 1 branch of the dungeon, and saw 4 of its levels.

You collected 187 gold pieces.


Innate Abilities, Weirdness & Mutations

You are too large for most types of armour.
You have tough skin. (AC +1)
You possess an exceptional clarity of mind.
You are clumsy. (Dex -2)
Your flesh is heat resistant. (rF+)


   Skills:
 + Level 6.8(3.6) Fighting
 - Level 2.6(0.0) Dodging
 - Level 1.4(0.0) Stealth
 * Level 6.1(3.0) Unarmed Combat


You had 6 spell levels left.
You didn't know any spells.
Your spell library was empty.

Inventory:

Missiles
 d - 58 stones (quivered)
 q - 7 tomahawks
Armour
 a - a +1 robe (worn)
Jewellery
 f - an amulet of the gourmand (around neck)
 v - a cursed -5 ring of dexterity {unknown}
Wands
 w - a wand of random effects (7)
Scrolls
 e - a scroll of blinking {unknown}
 g - a scroll of amnesia
 i - 3 scrolls of enchant armour
 j - a scroll of remove curse {@r2}
 l - 2 scrolls of immolation {!r}
 m - 2 scrolls of identify {unknown}
 r - 2 scrolls of fear {unknown}
 s - a scroll of magic mapping
 u - 3 scrolls of teleportation {unknown}
Potions
 c - 3 potions of haste {unknown}
 h - a potion of degeneration {!q}
 k - 2 potions of curing {@q1}
 n - a potion of mutation {!q}
 o - 2 potions of flight {unknown}
 p - a potion of brilliance {unknown}
 t - a potion of magic
Comestibles
 b - 5 rations {@e1}

Dungeon Overview and Level Annotations

Branches:
Dungeon (4/15)
 Temple: D:4-7

Altars:
Zin

Shops:
D:3 *

Annotations:
D:4 1 runed door, Eustachio

♣♣###...##.....##....##.. ▒♣♣
♣♣........................
+.♣♣♣♣..)......)...............
▒♣..♣...)).................##+#
♣♣♣.♣.....................##..
♣♣♣♣♣##.....................
#...................(.
#..#z####)..##........
####@####...##....####
#.........########..
#..........# #... #..........#
#... #..........# #...
##....#...## ##.. ##########
###


You could see a wight.


Message History

You destroy the wight!
Your base Unarmed Combat skill increases to level 6!
You closely miss the wight.
The wight is lightly damaged.
The wight hits you with an enchanted hand axe.
* * * LOW HITPOINT WARNING * * *
You feel drained.
* * * LOW HITPOINT WARNING * * *
You hit the wight.
The wight is heavily damaged.
The wight hits you with an enchanted hand axe.
* * * LOW HITPOINT WARNING * * *
You feel drained.
* * * LOW HITPOINT WARNING * * *
You hit the wight.
The wight is heavily damaged.
The wight hits you with an enchanted hand axe!
* * * LOW HITPOINT WARNING * * *
You hit the wight but do no damage.
The wight is heavily damaged.
You hit the wight but do no damage.
The wight is heavily damaged.
The wight hits you with an enchanted hand axe.
* * * LOW HITPOINT WARNING * * *
You feel drained.
* * * LOW HITPOINT WARNING * * *
You hit the wight but do no damage.
The wight is heavily damaged.
The wight hits you with an enchanted hand axe.
You die...

Skill      XL: |  1  2  3  4  5  6  7 |
---------------+----------------------+-----
Unarmed Combat | 3 4 5 6 |  6.1
Fighting       | 5 6 |  6.8
Dodging        | |  2.6
Stealth        | |  1.4

Action                   |  1- 3 |  4- 6 |  7- 9 || total
-------------------------+-------+-------+-------++-------
Melee: Unarmed           |   116 |   203 |    34 ||   353
       Punch             |       |     5 |       ||     5
  Use: Potion            |       |     4 |       ||     4
       Scroll            |       |     5 |       ||     5
 Stab: Sleeping          |     1 |     1 |       ||     2
  Eat: Chunk             |    15 |     8 |       ||    23
Armor: Robe              |    38 |    45 |     4 ||    87
Dodge: Dodged            |    41 |   104 |    11 ||   156

Vault maps used:
D:1:      roderic_dead_forest
D:3:      zin_purify, chequers_ecumenical_altar_lobes, uniq_sigmund
D:4:      first_ration, uniq_eustachio, uniq_crazy_yiuf_cottage, uniq_ijyb

Notes
Turn   | Place    | Note
-------+----------+-------------------------------------------
     0 | D:1      | MothsLongingForFire the Ogre Monk began the quest for the Orb.
     0 | D:1      | Reached XP level 1. HP: 24/24 MP: 1/1
   163 | D:1      | Reached skill level 3 in Unarmed Combat
   163 | D:1      | Reached XP level 2. HP: 30/32 MP: 2/2
   674 | D:2      | Reached XP level 3. HP: 26/40 MP: 3/3
  1464 | D:2      | Reached XP level 4. HP: 46/49 MP: 4/4
  1535 | D:2      | Reached skill level 4 in Unarmed Combat
  1723 | D:2      | Reached skill level 5 in Fighting
  2277 | D:3      | Found a glowing silver altar of Zin.
  2278 | D:3      | Found Zin's Purification Station.
  2362 | D:3      | HP: 3/50 [orc priest/club (3)]
  2709 | D:2      | Reached XP level 5. HP: 30/57 MP: 5/5
  2893 | D:3      | Noticed Sigmund
  2897 | D:3      | Gained mutation: You are clumsy. (Dex -2) [potion of mutation]
  2897 | D:3      | Gained mutation: You possess an exceptional clarity of mind. [potion of mutation]
  2897 | D:3      | Gained mutation: Your flesh is heat resistant. (rF+) [potion of mutation]
  2919 | D:3      | Killed Sigmund
  2919 | D:3      | Reached skill level 6 in Fighting
  2919 | D:3      | Reached skill level 5 in Unarmed Combat
  2919 | D:3      | Reached XP level 6. HP: 21/67 MP: 6/6
  3242 | D:3      | Found a faded altar of an unknown god.
  3513 | D:4      | Noticed Ijyb
  3546 | D:4      | Killed Ijyb
  3876 | D:4      | Noticed Eustachio
  4053 | D:4      | Reached XP level 7. HP: 52/76 MP: 7/7
  4173 | D:4      | Found a runed door.
  4232 | D:4      | Reached skill level 6 in Unarmed Combat
  4237 | D:4      | HP: 4/76 [wight/enchanted hand axe (6)]
  4237 | D:4      | HP: 1/76 [wight/enchanted hand axe (3)]
  4238 | D:4      | Slain by a wight

Vanquished Creatures
  Sigmund (D:3)
  2 wights (D:4)
  A howler monkey (D:4)
  A hound (D:4)
  An orc priest (D:3)
  Ijyb (D:4)
  An orc wizard (D:2)
  A hound skeleton (D:4)
  4 adders (D:2)
  A worm (D:2)
  A dart slug (D:3)
  2 leopard geckos
  3 orcs (D:3)
  2 ball pythons
  6 giant cockroaches
  7 goblins
  4 hobgoblins
  7 kobolds
  3 bats
  5 frilled lizards
  A jackal skeleton (D:4)
  3 rats
58 creatures vanquished.

Table legend:
 A = Turns spent in this place as a percentage of turns spent in the entire game.
 B = Non-inter-level travel turns spent in this place as a percentage of non-inter-level travel turns spent in the entire game.
 C = Inter-level travel turns spent in this place as a percentage of turns spent in this place.
 D = Turns resting spent in this place as a percentage of non-inter-level travel turns spent in this place.
 E = Turns spent auto-exploring this place as a percentage of non-inter-level travel turns spent in this place.
 F = Non-inter-level travel turns spent in this place divided by the number of levels of this place that you've seen.
                   A       B       C       D       E      F
               +-------+-------+-------+-------+-------+----------------------
         Total | 100.0 | 100.0 |   4.1 |  41.5 |  38.7 | 1016.2
       Dungeon | 100.0 | 100.0 |   4.1 |  41.5 |  38.7 | 1016.2
               +-------+-------+-------+-------+-------+----------------------

Table legend:
 A = Non-vault XP
 B = Vault XP
 C = Vault XP percentage of total XP
 D = Non-vault monster count
 E = Vault monster count
 F = Vault count percentage of total count
                 A         B        C        D         E       F
            +---------+---------+-------+---------+---------+-------
      Total |     450 |     263 |  36.9 |      56 |       2 |   3.4
            +---------+---------+-------+---------+---------+-------
        D:1 |      28 |       0 |   0.0 |      16 |       0 |   0.0
        D:2 |     115 |       0 |   0.0 |      19 |       0 |   0.0
        D:3 |      71 |     227 |  76.2 |      14 |       1 |   6.7
        D:4 |     236 |      36 |  13.2 |       7 |       1 |  12.5
            +---------+---------+-------+---------+---------+-------
